AoeStats
← Green Assassin

African Clearing

503827430Analyzed
4v4 RM · 29d ago on Sep 2, 2026· 33m 49s· 8 players
Game mode
Random Map
Map size
Large (8 player)
Population
200
Speed
Normal
Resources
Standard
Victory
Conquest
Starting age
Dark Age
Ending age
Imperial Age
RankedLock teamsTeams togetherTeam positionsShared explorationLock speedFull tech treeHidden civsTurbo modeCheats
Victory
Defeat
🇫🇷 Huns · France
1265
+14
🇬🇧 Vietnamese · United Kingdom
1247
+15
🇬🇧 Magyars · United Kingdom
1233
+16
🇲🇽 Mongols · Mexico
1228
+16
🇭🇰 Gurjaras · Hong Kong SAR China
1296
-18
🇦🇺 Mapuche · Australia
1254
-17
🇩🇪 Vietnamese · Germany
1202
-14
🇨🇳 Tatars · China
1165
-12
Oliver
3:46 Loom
13:15 Feudal Age
15:07 Scale Mail Armor
14:29 Man-at-Arms
15:07 Arson
16:23 Double-Bit Axe
24:47 Castle Age
23:17 Horse Collar
25:39 Bow Saw
25:57 Chain Mail Armor
25:06 Long Swordsman
26:54 Pikeman
30:14 Wheelbarrow
29:24 Town Watch
Ikill-you2827
11:19 Loom
13:13 Feudal Age
11:30 Loom
18:14 Castle Age
18:11 Double-Bit Axe
18:19 Gold Mining
22:44 Bloodlines
24:41 Scale Barding Armor
24:46 Forging
24:39 Husbandry
26:06 Chain Barding Armor
26:48 Wheelbarrow
31:38 Horse Collar
Comrade Toad
7:39 Loom
13:34 Feudal Age
15:25 Horse Collar
15:31 Double-Bit Axe
17:43 Fletching
24:33 Castle Age
22:48 Stone Mining
22:51 Gold Mining
26:04 Stone Shaft Mining
24:52 Crossbowman
25:38 Thumb Ring
25:31 Bodkin Arrow
25:36 Padded Archer Armor
26:00 Bow Saw
25:52 Heavy Plow
28:18 Leather Archer Armor
31:37 Ballistics
34:23 Wheelbarrow
Barba_Tiesa
6:42 Loom
14:17 Feudal Age
15:30 Double-Bit Axe
17:06 Horse Collar
17:33 Scale Barding Armor
18:19 Wheelbarrow
19:12 Bloodlines
22:43 Town Watch
23:26 Gold Mining
23:31 Stone Mining
26:41 Castle Age
24:48 Fletching
27:31 Husbandry
27:55 Hand Cart
27:52 Bow Saw
27:42 Heavy Plow
27:26 Fishing Lines
28:17 Bodkin Arrow
28:52 Gillnets
31:42 Gold Shaft Mining
33:09 Ballistics
32:51 Padded Archer Armor
34:22 Thumb Ring
34:39 Leather Archer Armor
BA DI
4:02 Loom
13:41 Feudal Age
15:09 Double-Bit Axe
19:39 Castle Age
24:14 Fletching
28:36 Horse Collar
31:02 Scale Barding Armor
拿捏木村
3:48 Loom
12:47 Feudal Age
13:41 Double-Bit Axe
16:38 Castle Age
15:11 Horse Collar
17:35 Town Watch
18:02 Bow Saw
24:48 Wheelbarrow
25:22 Husbandry
26:19 Fletching
32:18 Forging
34:43 Coinage
Green Assassin
4:01 Loom
14:43 Feudal Age
15:21 Double-Bit Axe
20:57 Castle Age
19:25 Gold Mining
19:29 Fishing Lines
21:32 Wheelbarrow
22:27 Bow Saw
22:17 Fletching
23:50 Bodkin Arrow
25:31 Ballistics
25:16 Padded Archer Armor
26:17 Squires
29:13 Stone Mining
Usuga
13:10 Loom
14:56 Feudal Age
Connection lost

Rejoining the realm…

Still unreachable

The connection could not be restored.

Session expired

The server has moved on; the page needs a fresh start.